 Dungeon Crawl Stone Soup version 0.25.1-8-g42b30a86e7 (webtiles) character file.

Game seed: 741550567618280968

21 radhat240 the Grave Robber (level 2, -3/22 HPs)
             Began as a Naga Necromancer on Dec 14, 2020.
             Slain by a gnoll
             ... wielding a +0 spear
              (8 damage)
             ... on level 1 of the Dungeon.
             The game lasted 00:11:21 (1066 turns).

radhat240 the Grave Robber (Naga Necromancer)       Turns: 1066, Time: 00:11:22

Health: -3/22      AC:  2    Str: 10    XL:     2   Next: 83%
Magic:  3/5        EV: 10    Int: 17    God:
Gold:   12         SH:  0    Dex: 11    Spells: 3/5 levels left

rFire    . . .     SeeInvis +   f - +0 whip
rCold    . . .     Gourm    .   (no shield)
rNeg     . . .     Faith    .   a - +1 robe
rPois    +         Spirit   .   (helmet restricted)
rElec    .         Reflect  .   (no cloak)
rCorr    .         Harm     .   (no gloves)
MR       .....                  (no barding)
Stlth    ++........             (no amulet)
HPRegen  0.07/turn              (no ring)
MPRegen  0.09/turn              (no ring)

@: very slow
A: large, horns 1, see invisible, clever 1, deformed body, poison resistance,
slowness 2, slow metabolism 1, spit poison 1, AC +0
a: Spit Poison


You were on level 1 of the Dungeon.
You were not hungry.

You visited 1 branch of the dungeon, and saw 1 of its levels.

You collected 12 gold pieces.

Inventory:

Hand Weapons
 f - a +0 whip (weapon)
Missiles
 d - 6 boomerangs (quivered)
Armour
 a - a +1 robe (worn)
 e - a cursed -1 robe
Scrolls
 g - a scroll of remove curse
Comestibles
 b - 2 chunks of flesh
 c - 4 rations


   Skills:
 + Level 0.3 Throwing
 + Level 1.5 Dodging
 + Level 3.2 Stealth
 + Level 2.3 Spellcasting
 + Level 4.4 Necromancy


You had 3 spell levels left.
You knew the following spells:

 Your Spells              Type           Power        Failure   Level  Hunger
a - Pain                  Necr           ###.         3%          1    #......
b - Animate Skeleton      Necr           N/A          3%          1    #......

Your spell library contained the following spells:

 Spells                   Type           Power        Failure   Level  Hunger
 Vampiric Draining        Necr           ###.......   10%         3    ###....
 Animate Dead             Necr           N/A          30%         4    #####..
 Agony                    Necr           ###.....     65%         5    ######.


Dungeon Overview and Level Annotations

Branches:
Dungeon (1/15)

Altars:


Innate Abilities, Weirdness & Mutations

You cannot wear boots.
Your serpentine skin is tough. (AC +0)
You have supernaturally acute eyesight. (SInv)
Armour fits poorly on your strangely shaped body.
Your system is resistant to poisons. (rPois)
You cover ground very slowly.
You have a slow metabolism.
You can spit poison.
You have a pair of small horns on your head.
Your mind is acute. (Int +2)


Message History

Casting: Pain (safe; 3% risk of failure)
Confirm with . or Enter, or press ? or * to list all spells.
Aiming: Pain (safe; 3% risk of failure)
Press: ? - help, Shift-Dir - straight line, f - gnoll
Aim: a gnoll, wielding a +0 spear (asleep, chance to defeat MR: 81%)
The gnoll shouts!
The gnoll writhes in agony.
The gnoll hits you from afar with a +0 spear.
Casting: Pain (safe; 3% risk of failure)
Confirm with . or Enter, or press ? or * to list all spells.
Aiming: Pain (safe; 3% risk of failure)
Press: ? - help, Shift-Dir - straight line, f/p - gnoll
Aim: a gnoll, wielding a +0 spear (lightly wounded, chance to defeat MR: 81%)
The gnoll writhes in agony.
The gnoll hits you from afar with a +0 spear!
* * * LOW HITPOINT WARNING * * *
You open the door.
There is an open door here.
The gnoll hits you from afar with a +0 spear!
You die...

...........#..########...
#...###.................
+.....'..............###
#...###..............# #
+.....#..............# #
#.#.....)........###
#g#.................
#.'..............###
########.#@.............###
........................#..
##########..............#.#
######..............#.#
#..........^........# #
#........############+#
#........# ... #........#
... #........# ...


You could see a gnoll.

Vanquished Creatures
  2 dart slugs (D:1)
  A giant cockroach (D:1)
  2 goblins (D:1)
  2 hobgoblins (D:1)
  4 bats (D:1)
  A kobold (D:1)
  3 rats (D:1)
15 creatures vanquished.

Vanquished Creatures (collateral kills)
  A bat (D:1)
  A hobgoblin (D:1)
2 creatures vanquished.

Grand Total: 17 creatures vanquished

Notes
Turn   | Place    | Note
-------+----------+-------------------------------------------
     0 | D:1      | radhat240 the Naga Necromancer began the quest for the Orb.
     0 | D:1      | Reached XP level 1. HP: 15/15 MP: 3/3
     3 | D:1      | Learned a level 1 spell: Animate Skeleton
   381 | D:1      | Reached XP level 2. HP: 21/22 MP: 3/5
   962 | D:1      | Gained mutation: You have a pair of small horns on your
                  | head. [potion of mutation]
   962 | D:1      | Gained mutation: Your mind is acute. (Int +2) [potion of
                  | mutation]
  1066 | D:1      | Slain by a gnoll

Illustrated notes

Levels and vault maps discovered:
D:1:      minmay_arrival_checkered_box, layout_basic

Action                   || total
-------------------------++-------
Melee: Unarmed           ||     9
       Whip              ||     2
Throw: Boomerang         ||     7
 Cast: Pain              ||    28
       Animate Skeleton  ||     8
 Abil: Spit Poison       ||     3
  Use: Scroll            ||     3
       Potion            ||     2
 Stab: Sleeping          ||     1
Armor: Robe              ||    10
Dodge: Dodged            ||    14
